 Dungeon Crawl Stone Soup version 0.31-a0-981-geadf994542 (webtiles) character file.

Game seed: 2340581715874025348

6 Whiskey the Changeling (level 1, 0/13 HPs)
             Began as an Octopode Shapeshifter on Nov 2, 2023.
             Slain by a hobgoblin (5 damage)
             ... on level 1 of the Dungeon.
             The game lasted 00:00:14 (73 turns).

Whiskey the Changeling (Octopode Shapeshifter)        Turns: 73, Time: 00:00:15

Health: 0/13       AC:  1    Str: 13    XL:     1   Next: 90%
Magic:  1/1        EV: 13    Int: 12    God:
Gold:   14         SH:  0    Dex: 11    Spells: 0/0 levels left

rFire   . .          .
                       - Unarmed
rCold   . . .        (no shield)
rNeg    . . .        (helmet currently unavailable)
rPois   .            (no amulet)
rElec   .            (no ring)
rCorr   .            (no ring)
SInv    .            (no ring)
Will    .....        (no ring)
Stlth   ++           (no ring)
HPRegen 0.22/turn    (no ring)
MPRegen 0.07/turn    (no ring)
                     (no ring)

%: no passive effects
@: beast-form
A: beast (slay +1), almost no armour, amphibious, 8 rings, camouflage 1,
gelatinous body 1, (nimble swimmer 1), tentacles
a: Begin Untransformation


You were on level 1 of the Dungeon.
You were a hulking beast.
You visited 1 branch of the dungeon, and saw 1 of its levels.

You collected 14 gold pieces.

Inventory:

Talismans
 b - a beast talisman
 c - a flux talisman
Scrolls
 e - a scroll of immolation {unknown}
 f - a scroll of identify {unknown}
Potions
 a - a potion of lignification {!q}
 d - a potion of curing {unknown}


   Skills:
 - Level 1.0 Fighting
 - Level 2.0 Dodging
 - Level 3.0 Unarmed Combat
 * Level 3.3 Shapeshifting


You couldn't memorise any spells.
You didn't know any spells.
Your spell library was empty.

Dungeon Overview and Level Annotations

Branches:
Dungeon (1/15)

Altars:


Innate Abilities, Weirdness & Mutations

You are a hulking beast.
Your limbs bulge with bestial killing power. (Slay +1)
You cannot wear most types of armour.
You are amphibious.
You can wear up to eight rings at the same time.
Your skin changes colour to match your surroundings (Stealth+).
Your rubbery body absorbs attacks. (AC +1, EV +1)
((You are camouflaged when in or above water. (Stealth+)))
You have tentacles for arms and can constrict up to eight enemies at once.


Message History

The bat struggles to escape constriction.
The bat escapes!
Health restored: 13 You tentacle-slap the bat.
You kill the bat!
No target in view!
No target in view!
No target in view!
No target in view!
No target in view!
No target in view!
No target in view!
No target in view!
No target in view!
No target in view!
No target in view!
No target in view!
You now have 6 gold pieces.
e - a scroll labelled XAESIQ SIUSO A kobold comes into view.
It is wielding a +0 short sword.
The kobold shouts!
A kobold is nearby!
The kobold hits you with a +0 short sword.
You take 2 damage, and have 11/13 hp.
You barely miss the kobold. You grab the kobold. You constrict the kobold.
The kobold misses you.
You tentacle-slap the kobold.
You kill the kobold!
No target in view!
No target in view!
No target in view!
No target in view!
No target in view!
No target in view!
No target in view!
No target in view!
No target in view!
f - a scroll labelled BASIAL PAGGINN Health restored: 13 You enter the shallow water.
You enter the shallow water.
You now have 14 gold pieces (gained 8). 2 jackals come into view.
The jackal barks!
A jackal comes into view.
You barely miss the jackal.
The jackal barks!
You grab the jackal. You squeeze the jackal.
You constrict the jackal, but do no damage.
You hear a shout!
The jackal bites you.
A kobold comes into view. It is wielding a +0 dagger.
A hobgoblin comes into view.
The jackal bites you.
You barely miss the jackal.
You constrict the jackal, but do no damage.
The jackal bites you.
You tentacle-slap the jackal but do no damage.
You constrict the jackal.
The jackal bites you but does no damage.
You take 4 damage, and have 9/13 hp.
MASSIVE DAMAGE!!
You tentacle-slap the jackal.
You kill the jackal!
The jackal bites you.
The jackal bites you but does no damage.
You tentacle-slap the jackal. You grab the jackal. You constrict the jackal.
The jackal closely misses you. The jackal misses you.
You tentacle-slap the jackal.
You kill the jackal!
The jackal barely misses you.
You closely miss the jackal. You grab the jackal. You squeeze the jackal.
You kill the jackal!
A rat comes into view.
You barely miss the hobgoblin. You grab the hobgoblin.
You squeeze the hobgoblin, but do no damage.
You constrict the hobgoblin. The hobgoblin hits you.
A frilled lizard comes into view.
The kobold hits you with a +0 dagger.
You take 5 damage, and have 4/13 hp.
MASSIVE DAMAGE!!
You are too injured to fight recklessly!
You are too injured to fight recklessly!
You are too injured to fight recklessly!
You are too injured to fight recklessly!
You are too injured to fight recklessly!
You are too injured to fight recklessly!
You are too injured to fight recklessly!
You are too injured to fight recklessly!
You are too injured to fight recklessly!
You are too injured to fight recklessly!
You are too injured to fight recklessly!
You are too injured to fight recklessly!
You are too injured to fight recklessly!
You are too injured to fight recklessly!
You are too injured to fight recklessly!
You are too injured to fight recklessly!
You are too injured to fight recklessly!
You release your grip on the hobgoblin.
The hobgoblin attacks as it pursues you!
The hobgoblin hits you.
You die...

##### . #...# ..##
#...# ..l..#####...#
..r#....##...#
......K.gh...#
..#...†###...# ####.
#...# #### ##.###
##..
...####...####....
.....#..~..#.....#
8..~....~....~..8# .
#...~..~~~..~...##.#
.....~~~~~~~.....#.#


You could see a hobgoblin, a kobold, a frilled lizard (wandering) and a rat.

Vanquished Creatures
  A bat (D:1)
  3 jackals (D:1)
  A kobold (D:1)
5 creatures vanquished.

Notes
Turn   | Place    | Note
-------+----------+-------------------------------------------
     0 | D:1      | Whiskey the Octopode Shapeshifter began the quest for the
                  | Orb.
     0 | D:1      | Reached XP level 1. HP: 13/13 MP: 1/1
    73 | D:1      | Slain by a hobgoblin

Illustrated notes

Levels and vault maps discovered:
D:1:      eino_arrival_water_star, layout_rooms, st_stairs_14,
          interstate_on_off, patterned_corridor

Action                     || total
---------------------------++-------
  Melee: Unarmed           ||    12
         Constrict         ||     6
         Tentacles         ||     3
 Armour: Skin              ||    11
  Dodge: Dodged            ||     5

Table legend: (Time is in decaauts)
 A = Elapsed time spent in this place.
 B = Non-inter-level travel time spent in this place.
 C = Inter-level travel time spent in this place.
 D = Time resting spent in this place.
 E = Time spent auto-exploring this place.
 F = Levels seen in this place.
 G = Mean time per level.
                   A        B        C        D        E       F      G
               +--------+--------+--------+--------+--------+-----+--------+
         Total |     72 |     72 |      0 |      0 |     46 |   1 |   72.0 |
       Dungeon |     72 |     72 |      0 |      0 |     46 |   1 |   72.0 |
               +--------+--------+--------+--------+--------+-----+--------+

Top non-repeatable levels by time:
     D:1: 72 daAuts

Levels and vault maps discovered:
D:1:      eino_arrival_water_star, layout_rooms, st_stairs_14,
          interstate_on_off, patterned_corridor

Table legend: (Time is in decaauts)
 A = Elapsed time spent in this place.
 B = Non-inter-level travel time spent in this place.
 C = Inter-level travel time spent in this place.
 D = Time resting spent in this place.
 E = Time spent auto-exploring this place.
 F = Levels seen in this place.
 G = Mean time per level.
                   A        B        C        D        E       F      G
               +--------+--------+--------+--------+--------+-----+--------+
         Total |     72 |     72 |      0 |      0 |     46 |   1 |   72.0 |
       Dungeon |     72 |     72 |      0 |      0 |     46 |   1 |   72.0 |
               +--------+--------+--------+--------+--------+-----+--------+

Top non-repeatable levels by time:
     D:1: 72 daAuts

Table legend:
 A = Kills in this place as a percentage of kills in the entire game.
 B = Kills by you in this place as a percentage of kills by you in the entire game.
 C = Kills by friends in this place as a percentage of kills by friends in the entire game.
 D = Other kills in this place as a percentage of other kills in the entire game.
 E = Experience gained in this place as a percentage of experience gained in the entire game.
 F = Experience gained in this place divided by the number of levels of this place that you have seen.
                   A       B       C       D       E      F
               +-------+-------+-------+-------+-------+----------------------
         Total | 100.0 | 100.0 |   N/A |   N/A | 100.0 |   9.0
       Dungeon | 100.0 | 100.0 |   N/A |   N/A | 100.0 |   9.0
               +-------+-------+-------+-------+-------+----------------------
